 Dungeon Crawl Stone Soup version 0.29.0-10-g45618ea6d2 (webtiles) character file.

Game seed: 1495982035146290742

95 sanka the Ruffian (level 4, -7/38 HPs)
             Began as a Draconian Monk on Sept 1, 2022.
             Killed by divine providence
             ... invoked by an orc priest
              (10 damage)
             ... on level 3 of the Dungeon.
             The game lasted 00:02:13 (2137 turns).

sanka the Ruffian (Draconian Monk)                  Turns: 2137, Time: 00:02:14

Health: -7/38      AC: 10    Str: 15    XL:     4   Next: 39%
Magic:  4/4        EV: 12    Int: 10    God:
Gold:   142        SH:  0    Dex: 14    Spells: 3/3 levels left

rFire   + . .      SeeInvis .     - Unarmed
rCold   . . .      Faith    .   (no shield)
rNeg    . . .      Spirit   .   (body armour unavailable)
rPois   .          Reflect  .   (helmet restricted)
rElec   .          Harm     .   (no cloak)
rCorr   .          Rampage  .   (no gloves)
Will    .....                   c - +0 pair of boots
Stlth   ++........              (no amulet)
HPRegen 0.12/turn               g - +4 ring of protection
MPRegen 0.09/turn               d - ring of protection from fire

@: no status effects
A: AC +5, unfitting armour, cold-blooded
a: no special abilities


You were on level 3 of the Dungeon.
You visited 1 branch of the dungeon, and saw 3 of its levels.

You collected 142 gold pieces.


Innate Abilities, Weirdness & Mutations

Your plain brown scales are hard. (AC +5)
You cannot fit into any form of body armour.
You are cold-blooded and may be slowed by cold attacks.


   Skills:
 - Level 3.2 Fighting
 - Level 2.6 Dodging
 - Level 1.7 Stealth
 + Level 5.2 Unarmed Combat


You had 3 spell levels left.
You didn't know any spells.
Your spell library contained the following spells:

 Spells                   Type           Power      Damage    Failure   Level
 Apportation              Tloc           0%         N/A       36%         1
 Magic Dart               Conj           0%         1d3       36%         1
 Necrotise                Necr           0%         1d4       36%         1
 Shock                    Conj/Air       0%         1d3       36%         1
 Summon Small Mammal      Summ           0%         N/A       36%         1
 Searing Ray              Conj           0%         2d4       50%         2
 Sublimation of Blood     Necr           0%         N/A       50%         2
 Wereblood                Tmut           0%         N/A       50%         2
 Swiftness                Air            0%         N/A       75%         3
 Airstrike                Air            0%         2d(0-16)  98%         4
 Fulminant Prism          Conj/Hex       0%         3d6       98%         4
 Summon Hydra             Summ           0%         N/A       100%        7

Inventory:

Armour
 c - a +0 pair of boots (worn)
 n - a +0 pair of gloves
Magical Staves
 l - a staff of cold
Jewellery
 d - a ring of protection from fire (right hand)
 g - a +4 ring of protection (left hand)
Wands
 f - a wand of digging (2)
Scrolls
 b - 3 scrolls of identify {unknown}
 e - 2 scrolls of teleportation {unknown}
 i - 3 scrolls of immolation {unknown}
 j - a scroll of brand weapon {unknown}
 k - a scroll of enchant armour {unknown}
Potions
 a - a potion of ambrosia
 h - a potion of mutation {unknown}
 m - a potion of curing {unknown}

Dungeon Overview and Level Annotations

Branches:
Dungeon (3/15)

Altars:

.o...............▒
▒▒................. .
▒▒.▒▒▒▒..▒▒▒▒▒▒▒... ▒▒
...▒▒▒▒..▒▒▒ ▒... .
▒▒.........▒ ▒.▒
▒▒.........▒ ▒.▒▒
...........▒ ▒..
.▒.........▒ ▒.▒
.▒.........▒▒▒▒▒d▒▒▒▒▒▒
..(......o..o..o........
.▒.▒▒▒▒▒▒▒.▒▒▒▒▒.▒▒▒....
...▒ ▒.▒ ▒.▒ .▒ .▒.▒ ▒.▒
▒.▒ .▒.▒ ▒.▒ ▒.▒ .▒.▒
▒.▒ ..▒ .▒.▒ ▒.▒ ▒.▒
.... ... ..


You could see an orc priest and 2 orcs.


Message History

You kill the frilled lizard!
You see here 7 stones.
The orc wizard points at you and mumbles some strange words.
The magic dart hits you.
* * * LOW HITPOINT WARNING * * *
The orc misses you.
The orc priest looks encouraged for a moment.
The orc attacks as you move away! The orc hits you with a +0 club.
* * * LOW HITPOINT WARNING * * *
The orc attacks as you move away! The orc barely misses you.
The orc wizard mumbles some strange words.
The orc wizard flickers and vanishes!
Deactivating autopickup; reactivate with Ctrl-A.
The orc attacks as you move away! The orc barely misses you.
The orc attacks as you move away! The orc hits you with a +0 club.
* * * LOW HITPOINT WARNING * * *
The orc priest mumbles some strange prayers to Beogh against you.
Beogh smites you!
* * * LOW HITPOINT WARNING * * *
The orc attacks as you move away! The orc barely misses you.
The orc attacks as you move away! The orc misses you.
The orc priest calls down the wrath of Beogh upon you.
Beogh smites you!
You die...

Action                   |  1- 3 |  4- 6 || total
-------------------------+-------+-------++-------
Melee: Unarmed           |   105 |    35 ||   140
       Tailslap          |    13 |     4 ||    17
       Punch             |     3 |       ||     3
 Stab: Sleeping          |     3 |       ||     3
Armor: Skin              |    28 |    11 ||    39
Dodge: Dodged            |    57 |    35 ||    92

Levels and vault maps discovered:
D:1:      dpeg_arrival_signposts, layout_loops_ring, columned_hall_lemuel,
          dk_noncrumbling_4
D:2:      layout_rooms, hellmonk_ecumenical_altar_heavens_door, uniq_terence
D:3:      layout_basic, amcnicky_mini_pool_small, kennysheep_flooded_box,
          minmay_misc_feat_alley

Notes
Turn   | Place    | Note
-------+----------+-------------------------------------------
     0 | D:1      | sanka the Draconian Monk began the quest for the Orb.
     0 | D:1      | Reached XP level 1. HP: 19/19 MP: 1/1
   363 | D:1      | Reached XP level 2. HP: 26/26 MP: 2/2
   619 | D:1      | Reached skill level 4 in Unarmed Combat
  1033 | D:2      | Noticed Terence
  1065 | D:1      | Reached XP level 3. HP: 9/31 MP: 3/3
  1364 | D:2      | Killed Terence
  1590 | D:2      | Reached XP level 4. HP: 38/38 MP: 4/4
  1745 | D:2      | Reached skill level 5 in Unarmed Combat
  1900 | D:2      | Found a faded altar of an unknown god.
  2134 | D:3      | HP: 2/38 [orc priest/divine providence (13)]
  2137 | D:3      | Killed from afar by an orc priest

Vanquished Creatures
  Terence (D:2)
  2 adders
  An orc (D:3)
  4 ball pythons
  4 endoplasms
  3 giant cockroaches
  8 goblins
  6 hobgoblins
  2 quokkas
  3 bats
  4 frilled lizards
  5 kobolds
  4 rats (D:2)
47 creatures vanquished.
